Map: Ulzaan

Players

MegaHurtz

  • Race: Terran Terran
  • Spawn Location: 9:00

GareBear

  • Race: Zerg Zerg
  • Spawn Location: 11:00

Mesrob

  • Race: Terran Terran
  • League: Gold
  • Spawn Location: 1:00

Subwaymaker

  • Race: Protoss Protoss
  • League: Silver
  • Spawn Location: 3:00

VOD

Have the link to the VOD?

Description

Time

  • Played on: Jan. 13, 2019, 8:26 p.m.
  • Length: 10:12
Show
View Real Time Build Order
Export as new Build Order

MegaHurtz Terran 

Build Orders:  

Get SALT Encoding   

  12  0:01  SCV  
  13  0:13  SCV  
  14  0:25  Supply Depot, SCV  
  15  0:30  Refinery  
  15  0:46  SCV  
  15  0:48  Barracks  
  16  0:58  SCV  
  17  1:11  SCV  
  18  1:18  Barracks  
  18  1:20  Supply Depot  
  18  1:23  SCV  
  19  1:35  Reaper, SCV  
  21  1:47  SCV  
  21  1:52  Factory  
  22  1:59  SCV  
  23  2:05  Refinery  
  23  2:08  Reaper  
  23  2:13  Marine  
  25  2:30  Marine  
  26  2:48  Marine  
  27  2:53  Factory Tech Lab  
  26  4:03  Barracks Reactor  
  26  4:06  Barracks Tech Lab  
  26  4:07  Siege Tank  
  29  4:13  Command Center  
  29  4:17  Barracks  
  29  4:19  Engineering Bay x2  
  29  5:00  Supply Depot, Terran Infantry Weapons Level 1  
  29  5:11  Marine x2  
  31  5:19  Terran Infantry Armor Level 1  
  31  5:21  Marine x2  
  31  5:22  Siege Tank  
  31  5:27  Supply Depot  
  36  5:29  Marine x2  
  38  5:39  Marine x2  
  40  5:44  Orbital Command  
  40  5:46  Marine x2  
  42  5:57  Marine x2  
  43  6:04  Marine x2  
  41  6:15  Marine  
  42  6:19  Orbital Command  
  42  6:28  Combat Shield  
  42  6:30  Marine x3  
  45  6:33  Marine, Siege Tank  
  45  6:39  Supply Depot  
  49  6:44  Barracks  
  49  6:48  Marine x3  
  49  6:55  Marine  
  50  7:06  Marine x3  
  53  7:13  Marine  
  54  7:24  Marine x3  
  53  7:31  Marine  
  53  7:41  Marine x2  
  53  7:42  Marine  
  53  7:43  SCV  
  57  7:46  SCV  
  57  7:48  Marine  
  59  7:55  SCV  
  60  7:59  Marine x3  
  60  8:01  Armory  
  63  8:06  Marine  
  63  8:07  SCV  
  65  8:17  Marine x3  
  65  8:19  SCV  
  69  8:24  Marine  
  69  8:26  Stimpack  
  70  8:42  Starport  
  70  8:48  Supply Depot  
  70  8:53  Supply Depot  
  70  9:03  Supply Depot  
  71  9:10  SCV  
  68  9:22  SCV  
  60  9:34  SCV  
  51  9:44  Marine  
  51  9:45  Marine x3  
  54  9:46  SCV  
  55  9:58  SCV  
Show
View Real Time Build Order
Export as new Build Order

GareBear Zerg 

Build Orders: 1 Base Baneling Bust, Pool First 

Get SALT Encoding   

  12  0:01  Drone  
  13  0:15  Drone  
  14  0:24  Overlord  
  14  0:30  Extractor  
  14  0:31  Drone  
  14  0:43  Overlord  
  14  0:44  Drone  
  15  0:54  Drone  
  16  0:59  Drone  
  16  1:03  Extractor  
  16  1:10  Drone  
  17  1:21  Spawning Pool  
  16  1:27  Drone  
  17  1:34  Drone  
  18  1:45  Drone  
  18  1:46  Evolution Chamber  
  18  1:54  Drone  
  19  2:03  Drone  
  20  2:09  Queen  
  22  2:17  Drone  
  23  2:28  Zergling x2  
  24  2:36  Zergling x2  
  25  2:56  Lair  
  25  2:58  Drone  
  26  2:59  Zergling x2  
  27  3:16  Overlord  
  27  3:18  Zergling x2  
  28  3:38  Zergling x4  
  28  3:39  Zergling x2  
  31  3:46  Metabolic Boost  
  31  3:49  Zerg Melee Weapons Level 1  
  31  4:13  Zergling x10  
  36  4:32  Spire  
  35  5:00  Drone x2, Baneling Nest  
  36  5:11  Drone x2  
  38  5:20  Hatchery  
  37  5:23  Zergling x2  
  37  5:28  Overlord  
  38  5:43  Zerg Ground Armor Level 1  
  38  5:48  Mutalisk x2  
  35  6:11  Spore Crawler x2  
  34  6:14  Spore Crawler, Drone  
  34  6:15  Drone x2, Spine Crawler  
  34  6:27  Mutalisk  
  28  6:56  Mutalisk x2  
  28  7:07  Mutalisk x4  
  29  7:37  Mutalisk  
  29  7:38  Zerg Missile Weapons Level 1  
  31  7:53  Drone x2  
  31  7:54  Drone x3  
  36  7:59  Hatchery  
  36  8:03  Extractor  
  36  8:05  Extractor  
  33  8:17  Mutalisk  
  31  9:33  Drone  
  31  9:34  Drone x2  
  34  9:44  Mutalisk  
  34  9:45  Zergling x8  
Show
View Real Time Build Order
Export as new Build Order

Mesrob Terran 

Build Orders: Mech 

Get SALT Encoding   

  12  0:00  SCV  
  13  0:12  SCV  
  14  0:23  Supply Depot  
  14  0:30  SCV  
  15  0:44  SCV  
  15  0:48  Barracks  
  16  1:01  SCV  
  17  1:07  Refinery  
  17  1:13  SCV  
  18  1:35  Orbital Command  
  18  1:38  Marine  
  19  1:53  Command Center  
  19  2:02  SCV  
  20  2:12  Factory  
  20  2:14  SCV  
  21  2:18  Barracks Tech Lab  
  21  2:26  SCV  
  22  2:34  Refinery  
  22  2:38  SCV  
  22  2:50  SCV  
  23  2:58  Barracks Reactor  
  23  3:21  Siege Tank  
  26  3:29  SCV  
  26  3:32  Orbital Command  
  27  3:41  SCV  
  27  3:53  Marine x2  
  30  4:02  SCV  
  30  4:08  Refinery  
  30  4:11  Siege Tank  
  30  4:15  SCV  
  34  4:20  Barracks Tech Lab  
  34  4:25  Supply Depot  
  34  4:26  SCV  
  34  4:27  SCV  
  36  4:38  SCV  
  36  4:39  SCV  
  38  4:50  Supply Depot, SCV  
  38  4:51  SCV  
  40  5:03  SCV  
  41  5:14  Supply Depot  
  41  5:21  Factory  
  41  5:28  SCV  
  42  5:30  Barracks Tech Lab  
  42  5:37  Supply Depot  
  42  5:40  SCV  
  42  5:41  Armory  
  43  5:45  Engineering Bay  
  43  5:52  SCV  
  44  6:00  Siege Tank  
  44  6:01  Supply Depot  
  47  6:04  SCV  
  48  6:16  SCV  
  49  6:21  Factory  
  49  6:24  Supply Depot  
  49  6:29  Barracks Tech Lab  
  49  6:32  SCV  
  50  6:35  Missile Turret  
  50  6:44  SCV  
  45  6:53  Supply Depot  
  42  6:56  SCV  
  41  7:07  Thor  
  41  7:08  Hellbat x2, SCV  
  51  7:21  Supply Depot  
  51  7:22  Supply Depot  
  51  7:50  Factory  
  51  7:56  Thor  
  51  7:58  Hellbat x2  
  61  8:01  SCV  
  61  8:02  SCV  
  63  8:07  Refinery  
  63  8:15  Missile Turret  
  63  8:36  Missile Turret  
  63  8:57  Missile Turret  
  63  9:08  Supply Depot  
  63  9:10  Thor x2  
  63  9:12  Hellbat x2  
  67  9:19  Missile Turret  
Show
View Real Time Build Order
Export as new Build Order

Subwaymaker Protoss 

Build Orders: Oracle Opening 

Get SALT Encoding   

  12  0:05  Probe  
  12  0:14  Probe  
  14  0:24  Probe  
  14  0:27  Pylon  
  15  0:30  Assimilator  
  15  0:45  Probe  
  16  0:51  Gateway  
  16  0:57  Probe  
  16  0:58  Pylon  
  17  1:05  Probe  
  18  1:13  Probe  
  19  1:19  Assimilator  
  19  1:23  Probe  
  20  1:42  Cybernetics Core  
  20  1:45  Probe  
  20  1:46  Pylon  
  21  1:53  Zealot  
  23  1:57  Probe  
  24  2:09  Probe  
  24  2:14  Warp Gate  
  25  2:27  Pylon  
  25  2:32  Shield Battery  
  25  2:41  Stargate  
  25  2:57  Nexus  
  24  3:14  Stalker  
  26  3:26  Oracle  
  29  4:01  Probe  
  30  4:03  Oracle  
  30  4:08  Protoss Air Armor Level 1  
  33  4:13  Probe  
  34  4:23  Probe  
  34  4:25  Assimilator, Probe  
  34  4:28  Pylon  
  34  4:31  Probe  
  36  4:37  Probe  
  38  4:40  Probe  
  38  4:41  Forge  
  39  4:47  Fleet Beacon  
  39  4:49  Probe  
  40  4:53  Probe  
  40  4:57  Void Ray  
  40  4:59  Zealot  
  47  5:05  Probe  
  48  5:09  Probe  
  49  5:17  Probe  
  49  5:21  Probe  
  51  5:22  Photon Cannon  
  51  5:25  Assimilator  
  51  5:29  Probe  
  51  5:33  Probe  
  53  5:45  Probe  
  54  6:09  Carrier  
  48  6:16  Protoss Air Weapons Level 1  
  54  6:31  Probe x2  
  56  6:43  Probe x2  
  56  6:55  Probe x2  
  50  7:10  Stalker  
  50  7:14  Carrier  
  58  7:54  Pylon  
  58  7:57  Pylon  
  58  8:09  Pylon, Stalker  
  58  8:11  Pylon  
  60  8:19  Void Ray  
  57  8:47  Stargate  
  57  8:48  Stargate  
  57  8:50  Gateway  
  57  8:52  Gateway  
  57  8:53  Gateway  
  57  8:59  Stalker  
  63  9:09  Pylon  
  63  9:13  Pylon  
  63  9:16  Shield Battery  
  49  9:37  Stalker  
  45  9:47  Zealot  
  45  9:48  Zealot x2  
Tags
 
Add a new tag
Caveats
  • Supply blocks, unpowered buildings, or Contaminate may cause inaccurate times.
  • Supply counts are checked every 10 seconds.